 Dungeon Crawl Stone Soup version 0.23.2-40-g277498a001 (webtiles) character file.

Game seed: 2312325687015452337

88588 DildoBatman the Geomancer (level 16, -23/125 HPs)
             Began as a Formicid Wizard on Aug 15, 2019.
             Was an Initiate of Gozag.
             Killed from afar by Roxanne (61 damage)
             ... with a crystal spear
             ... on level 14 of the Dungeon on Aug 16, 2019.
             The game lasted 02:23:31 (27321 turns).

DildoBatman the Geomancer (Formicid Wizard)        Turns: 27321, Time: 02:23:32

Health: -23/125    AC: 13    Str: 19    XL:     16   Next: 41%
Magic:  30/30      EV: 18    Int: 26    God:    Gozag
Gold:   5139       SH: 11    Dex: 11    Spells: 8/35 levels left

rFire    . . .     SeeInvis +   a - +11 morningstar "Xoghes" {speed, rF- rC+ MR++ Dex+2}
rCold    + + +     Gourm    .   G - +0 shield
rNeg     . . .     Faith    .   t - +4 troll leather armour
rPois    +         Spirit   .   (helmet unavailable)
rElec    .         Reflect  .   F - scarf {rC+ rF+}
rCorr    .         Harm     .   u - +0 pair of gloves
MR       +++..                  m - +0 pair of boots {Fly}
Stlth    ++++......             r - amulet of regeneration
HPRegen  2.10/turn              n - ring of poison resistance
MPRegen  0.22/turn              s - ring "Amaga" {*Slow +Fly rC+ EV+3 Int+3}

@: mighty, flying, regenerating
A: permanent stasis, dig shafts and tunnels, four strong arms, antennae 3,
rugged brown scales 1, camouflage 1
a: Dig, Shaft Self, Potion Petition, Call Merchant, Bribe Branch, Renounce
Religion, Stop Flying


You were on level 14 of the Dungeon.
You worshipped Gozag.
Gozag was greatly pleased with you.
You were not hungry.

You visited 4 branches of the dungeon, and saw 24 of its levels.
You also visited: Volcano.

You collected 5873 gold pieces.
You paid 734 gold pieces to Gozag.

Inventory:

Hand Weapons
 a - the +11 morningstar "Xoghes" (weapon) {speed, rF- rC+ MR++ Dex+2}
   (You found it on level 8 of the Dungeon)

   Attacks with this weapon are significantly faster.
   It affects your dexterity (+2).
   It makes you vulnerable to fire.
   It protects you from cold.
   It affects your resistance to hostile enchantments.
 b - a +2 halberd
 d - a +2 scimitar of flaming
 e - the +0 short sword "Siwewown" {flame, rElec rPois Str-2}
   (You found it on level 1 of the Lair of Beasts)

   It has been specially enchanted to burn those struck by it, causing extra
   injury to most foes and up to half again as much damage against particularly
   susceptible opponents.
   It affects your strength (-2).
   It insulates you from electricity.
   It protects you from poison.
Missiles
 f - 126 sling bullets
 i - 352 arrows
 k - 248 bolts
 E - 3 throwing nets (quivered)
Armour
 m - a +0 pair of boots of flying (worn)
 t - a +4 troll leather armour (worn)
 u - a +0 pair of gloves (worn)
 y - the +0 mask of the Dragon {MR+ Slay+3 SInv}
   (You found it on level 12 of the Dungeon)

   It affects your accuracy and damage with ranged weapons and melee attacks
   (+3).
   It affects your resistance to hostile enchantments.
   It lets you see invisible.
 F - a scarf of resistance (worn)
 G - a +0 shield (worn)
Jewellery
 n - a ring of poison resistance (left hand)
 r - an amulet of regeneration (around neck)
 s - the ring "Amaga" (right hand) {*Slow +Fly rC+ EV+3 Int+3}
   (You found it on level 12 of the Dungeon)

   [ring of evasion]

   It affects your evasion (+3).
   It affects your intelligence (+3).
   It protects you from cold.
   It lets you fly.
   It may slow you when you take damage.
 I - an uncursed ring of protection from magic
 M - an uncursed ring of fire
 T - an uncursed ring of fire
Wands
 J - a wand of acid (7)
 K - a wand of iceblast (27)
 Q - a wand of disintegration (16)
 V - a wand of flame (13)
 Y - a wand of clouds (3)
Scrolls
 c - a scroll of fog {unknown}
 o - a scroll of noise {unknown}
 x - 15 scrolls of remove curse
 z - 3 scrolls of identify
 D - a scroll of torment
 H - a scroll of summoning
 L - a scroll of holy word {unknown}
 N - a scroll of enchant weapon
 O - a scroll of magic mapping
 P - 2 scrolls of fear
 U - 4 scrolls of immolation
 W - 2 scrolls of acquirement {unknown}
 Z - a scroll of brand weapon {unknown}
Potions
 h - 3 potions of curing
 l - a potion of heal wounds
 p - 2 potions of magic {unknown}
 q - a potion of might
 w - 8 potions of brilliance
 B - a potion of agility
 C - 5 potions of cancellation
 R - a potion of lignification
 S - a potion of ambrosia {unknown}
Miscellaneous
 g - a lamp of fire (inert)
 A - a lightning rod (3/4)
 X - a phantom mirror
Comestibles
 v - 34 rations


   Skills:
 - Level 10.0 Fighting
 - Level 4.0 Maces & Flails
 - Level 0.6 Polearms
 - Level 9.0 Armour
 - Level 7.0 Dodging
 - Level 6.0 Stealth
 - Level 9.0 Shields
 - Level 10.0 Spellcasting
 - Level 6.0 Conjurations
 - Level 4.0 Charms
   Level 1.0 Summonings
 - Level 8.1 Necromancy
   Level 0.8 Translocations
 * Level 7.9 Transmutations
 - Level 6.0 Fire Magic
 - Level 4.1 Air Magic
 * Level 11.4 Earth Magic
 - Level 8.2 Poison Magic
 - Level 8.0 Evocations


You had 8 spell levels left.
You knew the following spells:

 Your Spells              Type           Power        Failure   Level  Hunger
a - Conjure Flame         Conj/Fire      #####...     1%          3    None
b - Passwall              Tmut/Erth      ######..     1%          2    None
d - Regeneration          Chrm/Necr      #####.....   1%          3    None
e - Mephitic Cloud        Conj/Pois/Air  #####...     1%          3    None
f - Petrify               Tmut/Erth      ######..     1%          4    None
g - Lee's Rapid Deconstr  Erth           ######....   1%          5    ####...
h - Dispel Undead         Necr           ######..     5%          5    ####...
z - Sublimation of Blood  Necr           ######....   1%          2    None

Your spell library contained the following spells:

 Spells                   Type           Power        Failure   Level  Hunger
 Animate Skeleton         Necr           N/A          1%          1    None
 Magic Dart               Conj           ####         1%          1    None
 Pain                     Necr           ####         1%          1    None
 Sandblast                Erth           ######       1%          1    None
 Corpse Rot               Necr           N/A          1%          2    None
 Stone Arrow              Conj/Erth      ######       1%          3    None
 Animate Dead             Necr           N/A          1%          4    None
 Summon Small Mammal      Summ           ###.         3%          1    None
 Dazzling Spray           Conj/Hex       ####..       4%          3    None
 Inner Flame              Hex/Fire       ####....     4%          3    None
 Leda's Liquefaction      Hex/Erth       #####.....   4%          4    None
 Corona                   Hex            ##.....      5%          1    None
 Call Imp                 Summ           ###.....     5%          2    None
 Ensorcelled Hibernation  Hex/Ice        ##....       8%          2    None
 Slow                     Hex            ##......     8%          2    None
 Call Canine Familiar     Summ           ###.....     11%         3    None
 Excruciating Wounds      Chrm/Necr      #####.....   12%         5    ####...
 Portal Projectile        Hex/Tloc       ###...       13%         3    None
 Summon Guardian Golem    Hex/Summ       ###.....     13%         3    None
 Confuse                  Hex            ##......     16%         3    None
 Tukima's Dance           Hex            ##......     16%         3    None
 Summon Lightning Spire   Summ/Air       ####....     19%         4    None
 Death Channel            Necr           ######....   28%         6    #####..
 Hydra Form               Tmut           ######....   30%         6    #####..
 Summon Ice Beast         Ice/Summ       ###.....     38%         4    None
 Cause Fear               Hex            ##........   45%         4    None
 Summon Forest            Summ/Tloc      ###.......   69%         5    ####...
 Simulacrum               Ice/Necr       ####......   83%         6    #####..
 Haunt                    Necr/Summ      #####.....   100%        7    #######
 Summon Hydra             Summ           ###.......   100%        7    #######
 Borgnjor's Revivificati  Necr           ######....   100%        8    #######
 Death's Door             Chrm/Necr      #####.....   100%        8    #######
 Infestation              Necr           ######....   100%        8    #######
 Necromutation            Tmut/Necr      ######....   100%        8    #######
 Blink                    Tloc           Unusable     N/A         2    N/A

Dungeon Overview and Level Annotations

Branches:
Dungeon (15/15)            Temple (1/1) D:7            Lair (6/6) D:9
  Swamp (0/4) Lair:4        Snake (0/4) Lair:3        Slime (0/5) Lair:5
    Orc (2/2) D:9          Vaults (0/5) D:13         Depths (0/5) D:15
    Elf: Orc:2

Altars:
Ashenzari
Cheibriados
Dithmenos
Elyvilon
Fedhas
Gozag
Hepliaklqana
Kikubaaqudgha
Makhleb
Nemelex Xobeh
Okawaru
Qazlal
Ru
Sif Muna
Trog
Uskayaw
Vehumet
Wu Jian
Xom
Yredelemnul
Zin
The Shining One
Beogh
Jiyva

Shops:
D:7 (   D:10 %   Orc:1 :

Annotations:
D:14 exclusion: Roxanne, Roxanne
Lair:3 exclusion: 8 oklob plants
Lair:4 3 runed translucent doors, exclusion: oklob plant, FishyPogo's ghost, journeyman GnTm
Lair:5 1 runed translucent door
Lair:6 2 transporters, kalagan's ghost, journeyman DESu
Orc:2 Rupert


Innate Abilities, Weirdness & Mutations

You cannot be hasted, slowed, berserked, paralysed or teleported.
You can dig through walls and to a lower floor.
Your four strong arms can wield two-handed weapons with a shield.
You have a pair of large antennae on your head. (SInv)
You are partially covered in rugged brown scales. (AC +1, +3% HP)
Your skin changes colour to match your surroundings (Stealth+).


Message History

Roxanne is almost destroyed.
You hit Roxanne but do no damage.
Roxanne is almost destroyed.
You hit Roxanne but do no damage.
Roxanne is almost destroyed.
You hit Roxanne but do no damage.
Roxanne is almost destroyed.
Roxanne mumbles some strange words.
The orb of energy hits you!!
The orb of energy explodes!
You completely miss Roxanne.
Roxanne is almost destroyed.
You hit Roxanne but do no damage.
Roxanne is almost destroyed.
You puncture Roxanne!
Roxanne is almost destroyed.
Roxanne casts a spell.
The crystal spear hits you!!!
You die...
Your body crumbles into a pile of gold.

#. ## #.# ###.
###.##....# ...##.##.#
#.)......#########
####................#
#........#.########.#
#........#.# #.#
.##...8@.....# #.#
...........##########.##
###.....##.....##..?....
##.##.#}.....##.###...
#.##.##......#.##..#.
#.................#..
####.##.....##.####..
#......######.####..
#.#.##.#....)[......


You could see Roxanne.

Vanquished Creatures
  A very ugly thing (D:12)
  A red draconian (Volcano)
  An ettin (D:12)
  A fire dragon (D:13)
  A yaktaur captain (D:12)
  An ogre mage (Volcano)
  Harold (D:7)
  The ghost of Utis the Spear-Bearer, a journeyman TeAs (Lair:1)
  A merfolk avatar (Lair:6)
  6 hydras
  A catoblepas (D:14)
  A centaur warrior (D:13)
  Erica (D:11)
  A death knight (D:14)
  13 two-headed ogres
  A tengu warrior (D:14)
  A vampire mage (D:15)
  Sonja (D:10)
  11 skeletal warriors
  A sea snake (Lair:6)
  An unseen horror (D:13)
  A wizard (D:14)
  A phantasmal warrior (D:14)
  A lindwurm (Lair:6)
  Pikel (D:7)
  2 harpies (Lair:6)
  A harpy (shapeshifter) (D:13)
  An orc knight (Orc:1)
  A necromancer (D:15)
  3 ugly things
  A manticore (D:12)
  A stone giant zombie (D:15)
  An orc sorcerer (Orc:1)
  2 cyclopes
  11 elephants
  A fire giant skeleton (D:15)
  2 molten gargoyles (Volcano)
  6 black mambas
  2 gargoyles
  17 spiny frogs
  Psyche (D:8)
  A centaur zombie (D:15)
  6 rime drakes
  12 komodo dragons
  2 kobold demonologists (D:13)
  The ghost of NochnoyZador the Cudgeler, a novice GrFi (D:4)
  2 hydra zombies (Lair:4)
  A freezing wraith (D:15)
  5 trolls
  A queen bee (Lair:3)
  A wind drake (Lair:6)
  3 hornets
  3 hydra skeletons
  Prince Ribbit (D:6)
  2 bog bodies (Lair:4)
  7 slime creatures (D:12)
  A harpy skeleton (D:15)
  11 hippogriffs
  A polar bear (Lair:5)
  A snapping turtle (shapeshifter) (D:13)
  14 blink frogs
  An ettin zombie (D:15)
  6 dream sheep (Lair:6)
  A vampire (D:12)
  Sigmund (D:2)
  A black mamba zombie (Lair:4)
  6 wyverns
  2 shadows
  2 fire bats (Volcano)
  27 yaks
  3 wraiths
  3 basilisks
  2 black mamba skeletons
  2 hungry ghosts
  4 vampire mosquitoes (D:13)
  A harpy simulacrum (D:15)
  3 wargs
  A naga (Lair:3)
  3 spiny frog zombies
  A soldier ant (D:12)
  2 acid dragons
  10 water moccasins
  A human skeleton (D:13)
  10 porcupines
  6 black bears
  2 slaves (D:7)
  16 orc warriors
  2 sky beasts
  3 ice beasts
  13 ogres
  A spiny frog skeleton (Lair:5)
  2 dream sheep zombies
  4 lindwurm zombies (Volcano)
  2 necrophages
  17 wolves
  3 phantoms
  5 lindwurm skeletons (Volcano)
  2 blink frog zombies (Lair:4)
  26 crocodiles
  A torpor snail zombie (Lair:2)
  2 centaurs
  A komodo dragon zombie (Lair:3)
  A rime drake skeleton (Lair:2)
  7 big kobolds
  19 bullfrogs
  A gnoll sergeant (D:10)
  A water moccasin zombie (Lair:4)
  5 salamander skeletons (Volcano)
  2 wyvern zombies
  2 cyclops skeletons (D:13)
  A wyvern skeleton (D:15)
  A water moccasin skeleton (Lair:2)
  A scorpion (D:14)
  A tengu zombie (D:15)
  36 killer bees
  7 wights
  6 howler monkeys
  2 electric eels
  4 lava snakes (Volcano)
  A bullfrog zombie (D:4)
  5 crimson imps
  2 quasits
  A jelly (D:12)
  3 bullfrog skeletons
  6 hounds
  13 orc priests
  A hound (shapeshifter) (D:14)
  13 orc wizards
  6 centaur skeletons
  Natasha (thrice) (D:3)
  4 iguanas
  2 porcupine zombies
  9 worker ants
  2 porcupine skeletons
  A crocodile zombie (Lair:4)
  A crocodile skeleton (Lair:2)
  2 hound skeletons
  A hound zombie (D:5)
  A howler monkey zombie (D:7)
  A worker ant zombie (D:8)
  12 gnolls
  14 adders
  6 shadow imps
  An adder zombie (D:8)
  4 adder skeletons
  3 worms
  2 dart slugs
  An iguana skeleton (D:12)
  3 leopard geckos
  55 orcs
  A ball python (D:4)
  6 bats
  8 giant cockroaches
  A goblin (shapeshifter) (D:14)
  3 goblins
  8 hobgoblins
  8 jackals
  6 quokkas
  A ball python skeleton (D:4)
  5 frilled lizards
  3 giant cockroach zombies
  A jackal skeleton (D:4)
  42 kobolds
  A kobold skeleton (D:12)
  A leopard gecko skeleton (D:4)
  9 rats
  A bush (D:9)
  A butterfly (Lair:4)
764 creatures vanquished.

Vanquished Creatures (collateral kills)
  A water moccasin (Lair:3)
  5 killer bees
6 creatures vanquished.

Vanquished Creatures (others)
  A spiny frog (Lair:2)
  2 slaves (D:7)
  2 killer bees (Lair:3)
  A wight (D:7)
  2 lava snakes (Volcano)
  An orc (Orc:1)
  7 fungi
  11 plants
27 creatures vanquished.

Grand Total: 797 creatures vanquished

Notes
Turn   | Place    | Note
-------+----------+-------------------------------------------
     0 | D:1      | DildoBatman the Formicid Wizard began the quest for the
                  | Orb.
     0 | D:1      | Reached XP level 1. HP: 13/13 MP: 4/4
    28 | D:1      | Reached skill level 1 in Conjurations
   299 | D:1      | Reached XP level 2. HP: 19/19 MP: 1/6
  1046 | D:2      | Found a burning altar of Makhleb.
  1101 | D:2      | Reached XP level 3. HP: 24/24 MP: 2/7
  1106 | D:2      | Learned a level 3 spell: Conjure Flame
  1110 | D:2      | Learned a level 3 spell: Mephitic Cloud
  1438 | D:2      | Reached XP level 4. HP: 30/30 MP: 3/8
  2140 | D:3      | Reached XP level 5. HP: 31/35 MP: 5/9
  2441 | D:3      | Found a sparkling altar of Nemelex Xobeh.
  2611 | D:3      | Reached XP level 6. HP: 41/41 MP: 6/10
  2708 | D:3      | Noticed Sigmund
  2966 | D:4      | Noticed Natasha
  3166 | D:4      | Noticed a +0 hand axe
  3166 | D:4      | Noticed a +0 hand axe
  3166 | D:4      | Noticed an ogre
  3259 | D:4      | Reached skill level 5 in Stealth
  3397 | D:4      | Found a transporter.
  3425 | D:4      | Found a transporter.
  3426 | D:4      | Noticed NochnoyZador's ghost (novice GrFi)
  3469 | D:4      | Noticed a phantom
  3607 | D:4      | Found a hide-covered altar of Uskayaw.
  3942 | D:5      | Entered Level 5 of the Dungeon
  4221 | D:5      | Noticed an ice beast
  4289 | D:5      | Noticed a water moccasin
  4309 | D:5      | Killed a water moccasin
  4309 | D:5      | Reached skill level 5 in Conjurations
  4309 | D:5      | Reached XP level 7. HP: 30/46 MP: 7/11
  4920 | D:6      | Found an opulent altar of Gozag.
  5781 | D:7      | Noticed Harold
  5796 | D:7      | Found Kitzask's Antique Weapon Boutique.
  6176 | D:7      | Reached XP level 8. HP: 52/52 MP: 0/12
  7034 | D:7      | Found a staircase to the Ecumenical Temple.
  7042 | Temple   | Entered the Ecumenical Temple
  7140 | Temple   | Became a worshipper of Kikubaaqudgha
  7176 | Temple   | Reached skill level 1 in Poison Magic
  7225 | D:6      | Reached skill level 1 in Fire Magic
  7233 | D:6      | Reached skill level 1 in Air Magic
  7753 | D:6      | Reached * piety under Kikubaaqudgha
  7753 | D:6      | Identified Kikubaaqudgha's Volume of Dark Rituals
                  | (Kikubaaqudgha gifted it to you on level 6 of the Dungeon)
  7753 | D:6      | Received a gift from Kikubaaqudgha
  7804 | D:6      | Reached XP level 9. HP: 34/57 MP: 6/13
  8235 | D:5      | Reached skill level 5 in Poison Magic
  8668 | D:3      | Killed Natasha
  8821 | D:3      | Noticed Natasha
  8836 | D:3      | Killed Natasha
  8884 | D:3      | Noticed Natasha
  8890 | D:3      | Killed Natasha
  8931 | D:2      | Killed Sigmund
  9259 | D:7      | Noticed Pikel
  9273 | D:7      | Killed Pikel
  9394 | D:7      | Reached skill level 1 in Necromancy
  9440 | D:7      | Noticed Prince Ribbit
  9509 | D:7      | Killed Harold
  9509 | D:7      | Reached skill level 5 in Spellcasting
  9509 | D:7      | Reached XP level 10. HP: 11/63 MP: 2/17
  9551 | D:6      | Learned a level 3 spell: Regeneration
  9555 | D:6      | Learned a level 2 spell: Sublimation of Blood
  9629 | D:6      | Reached skill level 1 in Charms
  9779 | D:6      | Killed Prince Ribbit
  9836 | D:7      | Reached ** piety under Kikubaaqudgha
 10097 | D:8      | Noticed Psyche
 10122 | D:8      | Killed Psyche
 10122 | D:8      | Reached skill level 5 in Necromancy
 10347 | D:8      | Got a jewelled morningstar
 10348 | D:8      | Identified the +11 morningstar "Xoghes" {speed, rF- rC+
                  | MR++ Dex+2} (You found it on level 8 of the Dungeon)
 10777 | D:9      | Reached *** piety under Kikubaaqudgha
 10777 | D:9      | Identified Kikubaaqudgha's Papyrus of Necromancy
                  | (Kikubaaqudgha gifted it to you on level 9 of the Dungeon)
 10777 | D:9      | Received a gift from Kikubaaqudgha
 10777 | D:9      | Reached skill level 1 in Maces & Flails
 10809 | D:9      | Reached XP level 11. HP: 27/68 MP: 11/18
 10823 | D:9      | Learned a level 5 spell: Dispel Undead
 10922 | D:9      | Found a staircase to the Lair.
 10932 | D:9      | Found a staircase to the Orcish Mines.
 10953 | D:9      | Reached skill level 5 in Shields
 10983 | D:9      | Found a shattered altar of Ashenzari.
 11296 | D:9      | Found a glowing golden altar of the Shining One.
 11543 | D:10     | Entered Level 10 of the Dungeon
 11575 | D:10     | Noticed Sonja
 11578 | D:10     | Killed Sonja
 11683 | D:10     | Found Uburaor's Food Boutique.
 11795 | D:10     | Reached **** piety under Kikubaaqudgha
 11897 | D:10     | Noticed a two-headed ogre
 11913 | D:10     | Killed a two-headed ogre
 12049 | D:10     | Noticed a two-headed ogre
 12075 | D:10     | Noticed a two-headed ogre
 12078 | D:10     | Killed a two-headed ogre
 12115 | D:10     | Killed a two-headed ogre
 12228 | D:10     | Noticed a two-headed ogre
 12243 | D:10     | Killed a two-headed ogre
 12301 | D:10     | Noticed a two-headed ogre
 12315 | D:10     | Killed a two-headed ogre
 12315 | D:10     | Reached skill level 1 in Fighting
 12315 | D:10     | Reached skill level 1 in Armour
 12315 | D:10     | Reached skill level 1 in Evocations
 12315 | D:10     | Reached XP level 12. HP: 45/77 MP: 4/19
 12577 | D:11     | Noticed Erica
 12606 | D:11     | Killed Erica
 12628 | D:11     | Noticed a two-headed ogre
 12655 | D:11     | Killed a two-headed ogre
 12728 | D:11     | Reached ***** piety under Kikubaaqudgha
 13242 | D:4      | Killed NochnoyZador's ghost
 13370 | Orc:1    | Entered Level 1 of the Orcish Mines
 13813 | Orc:1    | Found Hiufroze's Book Shoppe.
 13936 | Orc:1    | Found a roughly hewn altar of Beogh.
 14074 | Orc:2    | Entered Level 2 of the Orcish Mines
 14074 | Orc:2    | Noticed an orc warlord
 14292 | Orc:2    | Reached skill level 5 in Armour
 14295 | Orc:2    | Reached skill level 5 in Fighting
 14387 | Orc:2    | Reached skill level 5 in Evocations
 14732 | Orc:2    | Noticed Rupert
 14816 | Lair:1   | Entered Level 1 of the Lair of Beasts
 14854 | Lair:1   | Got a brightly glowing short sword
 14864 | Lair:1   | Found a runed translucent door.
 14865 | Lair:1   | Noticed Utis's ghost (journeyman TeAs)
 14951 | Lair:1   | Killed Utis's ghost
 14952 | Lair:1   | Identified the +0 short sword "Siwewown" {flame, rElec
                  | rPois Str-2} (You found it on level 1 of the Lair of
                  | Beasts)
 15212 | Lair:1   | Reached XP level 13. HP: 91/92 MP: 10/20
 15744 | Lair:2   | Reached ****** piety under Kikubaaqudgha
 15840 | D:9      | Received a gift from Kikubaaqudgha
 15846 | D:9      | Fell from the grace of Kikubaaqudgha
 15908 | D:6      | Became a worshipper of Gozag Ym Sagoz the Greedy
 16358 | Lair:2   | Reached skill level 5 in Dodging
 16821 | Lair:3   | Found a dark tunnel.
 16931 | Volcano  | Entered a volcano
 17391 | Volcano  | Learned a level 3 spell: Stone Arrow
 17391 | Volcano  | Found a burning altar of Makhleb.
 17391 | Volcano  | Noticed an ogre mage
 17400 | Volcano  | Noticed a red draconian
 17408 | Volcano  | Killed an ogre mage
 17408 | Volcano  | Reached skill level 1 in Earth Magic
 17444 | Volcano  | Reached skill level 5 in Fire Magic
 17469 | Volcano  | Killed a red draconian
 17475 | Volcano  | Reached skill level 2 in Earth Magic
 17861 | Lair:3   | Noticed a four-headed hydra
 17874 | Lair:3   | Killed a four-headed hydra
 18037 | Lair:3   | Reached skill level 3 in Earth Magic
 18049 | Lair:3   | Reached XP level 14. HP: 86/101 MP: 16/23
 18511 | Lair:3   | Found a staircase to the Snake Pit.
 18804 | Lair:3   | Gained mutation: You are partially covered in rugged brown
                  | scales. (AC +1, +3% HP) [potion of mutation]
 18804 | Lair:3   | Gained mutation: Your muscles are strong. (Str +2) [potion
                  | of mutation]
 18804 | Lair:3   | Lost mutation: Your muscles are strong. (Str +2) [potion of
                  | mutation]
 18804 | Lair:3   | Gained mutation: Your skin changes colour to match your
                  | surroundings (Stealth+). [potion of mutation]
 18906 | Lair:4   | Reached skill level 4 in Earth Magic
 19254 | Lair:4   | Found a runed translucent gate.
 19255 | Lair:4   | Found a runed translucent gate.
 19256 | Lair:4   | Found a runed translucent gate.
 19256 | Lair:4   | Noticed FishyPogo's ghost (journeyman GnTm)
 19478 | Lair:4   | Found a staircase to the Swamp.
 19965 | Lair:5   | Reached skill level 5 in Earth Magic
 20105 | Lair:5   | Found a runed translucent door.
 20520 | Lair:5   | Found a viscous altar of Jiyva.
 20520 | Lair:5   | Found a staircase to the Slime Pits.
 20520 | Lair:5   | Noticed an azure jelly
 20668 | Lair:6   | Entered Level 6 of the Lair of Beasts
 20904 | Lair:6   | Found a transporter.
 21143 | Lair:6   | Reached skill level 6 in Earth Magic
 21260 | Lair:6   | Reached XP level 15. HP: 97/116 MP: 25/27
 21547 | Lair:6   | Reached skill level 7 in Earth Magic
 21777 | Lair:6   | Found a transporter.
 21788 | Lair:6   | Identified the +7 trident "Farof" {antimagic, rC+ Dex+4}
 21798 | Lair:6   | Identified the +9 war axe "Qewkim" {elec, rElec}
 21798 | Lair:6   | Identified the +11 spear of the Pyrrhic Victory {pierce,
                  | Int+5}
 21802 | Lair:6   | Found a bloodstained altar of Trog.
 22001 | Lair:6   | Noticed kalagan's ghost (journeyman DESu)
 22019 | Lair:6   | Reached skill level 10 in Fighting
 22235 | D:9      | Learned a level 4 spell: Petrify
 22241 | D:9      | Learned a level 5 spell: Lee's Rapid Deconstruction
 22442 | D:12     | Reached skill level 1 in Transmutations
 22573 | D:12     | Found a runed translucent door.
 22577 | D:12     | Noticed a green very ugly thing
 22604 | D:12     | Reached skill level 8 in Earth Magic
 22804 | D:12     | Killed a green very ugly thing
 22919 | D:12     | Found the +0 mask of the Dragon {MR+ Slay+3 SInv}
 23700 | D:13     | Reached skill level 9 in Earth Magic
 23806 | D:13     | Found a stormy altar of Qazlal.
 24188 | D:13     | Was forgiven by Kikubaaqudgha
 24561 | D:12     | Got a warped golden ring
 24618 | D:12     | Identified the ring "Amaga" {*Slow +Fly rC+ EV+3 Int+3}
                  | (You found it on level 12 of the Dungeon)
 24821 | D:13     | Reached skill level 5 in Transmutations
 24866 | D:13     | Found a gate to the Vaults.
 25015 | D:13     | Learned a level 2 spell: Passwall
 25031 | D:14     | Found a shimmering altar of Xom.
 25031 | D:14     | Found a shimmering altar of Xom.
 25031 | D:14     | Found a shimmering altar of Xom.
 25031 | D:14     | Found a shimmering altar of Xom.
 25060 | D:14     | Found a shimmering altar of Xom.
 25111 | D:14     | You are sucked into a shaft!
 25111 | D:15     | Entered Level 15 of the Dungeon
 25253 | D:15     | Found a staircase to the Depths.
 25263 | D:15     | Reached skill level 10 in Earth Magic
 25395 | D:15     | Reached XP level 16. HP: 104/125 MP: 25/29
 26517 | D:14     | Reached skill level 10 in Spellcasting
 26658 | D:14     | Identified Roxanne's Papyrus of Changing
 26658 | D:14     | Noticed Roxanne
 26773 | D:14     | Reached skill level 11 in Earth Magic
 26805 | D:14     | You are sucked into a shaft!
 26860 | D:14     | Found a basalt altar of Yredelemnul.
 27321 | D:14     | Killed from afar by Roxanne

Skill      XL: |  1  2  3  4  5  6  7  8  9 10 11 12 13 14 15 16 |
---------------+-------------------------------------------------+-----
Conjurations   | 1 2 3 4 5 6 |  6.0
Stealth        | 3 4 5 6 |  6.0
Shields        | 2 3 4 9 |  9.0
Poison Magic   | 4 8 |  8.2
Fire Magic     | 3 4 5 6 |  6.0
Air Magic      | 2 4 |  4.1
Necromancy     | 3 6 8 |  8.1
Spellcasting   | 5 6 8 9 10 | 10.0
Charms         | 4 |  4.0
Maces & Flails | 2 4 |  4.0
Fighting       | 1 5 7 9 10 | 10.0
Armour         | 1 5 7 9 |  9.0
Dodging        | 2 3 5 7 |  7.0
Evocations     | 1 6 7 8 |  8.0
Earth Magic    | 3 6 10 11 | 11.4
Transmutations | 5 7 |  7.9
Polearms       | |  0.6
Summonings     | |  1.0
Translocations | |  0.8

Action                   |  1- 3 |  4- 6 |  7- 9 | 10-12 | 13-15 | 16-18 || total
-------------------------+-------+-------+-------+-------+-------+-------++-------
Melee: Club              |     9 |       |       |       |       |       ||     9
       Hand axe          |       |     2 |    55 |       |       |       ||    57
       Short sword       |       |       |     5 |    39 |       |       ||    44
       Whip              |       |       |     3 |       |       |       ||     3
       Morningstar       |       |       |       |   385 |  1402 |   204 ||  1991
       Halberd           |       |       |       |    34 |    48 |       ||    82
       Scimitar          |       |       |       |       |    19 |       ||    19
 Fire: Hunting sling     |    16 |   147 |   231 |    43 |       |       ||   437
Throw: Tomahawk          |     5 |       |       |       |       |       ||     5
       Throwing net      |       |       |       |       |     1 |       ||     1
 Cast: Magic Dart        |    70 |    85 |    75 |    38 |     1 |       ||   269
       Conjure Flame     |       |     9 |    22 |    27 |    59 |    10 ||   127
       Mephitic Cloud    |       |     5 |    28 |    59 |    87 |     5 ||   184
       Regeneration      |       |       |       |    37 |    53 |    10 ||   100
       Sublimation of Bl |       |       |       |    17 |    22 |    10 ||    49
       Dispel Undead     |       |       |       |     9 |    19 |    19 ||    47
       Stone Arrow       |       |       |       |       |     6 |       ||     6
       Petrify           |       |       |       |       |     8 |       ||     8
       Lee's Rapid Decon |       |       |       |       |     2 |       ||     2
Invok: Receive Necronomi |       |       |       |       |     1 |       ||     1
       Renounce Religion |       |       |       |       |     1 |       ||     1
 Abil: Dig               |     1 |     8 |    14 |    28 |    42 |    14 ||   107
Evoke: Wand              |       |       |       |       |    15 |     2 ||    17
       Lamp of fire      |       |       |       |       |       |     1 ||     1
       Lightning rod     |       |       |       |       |       |     1 ||     1
  Use: Scroll            |       |     3 |     8 |    13 |    10 |       ||    34
       Potion            |       |       |     1 |     4 |    13 |     1 ||    19
 Stab: Confused          |       |       |     1 |    23 |    43 |     4 ||    71
       Sleeping          |       |       |       |     4 |    10 |     2 ||    16
       Distracted        |       |       |       |     1 |     8 |       ||     9
       Petrified         |       |       |       |       |    26 |       ||    26
       Petrifying        |       |       |       |       |     1 |       ||     1
  Eat: Chunk             |     2 |    10 |    19 |    30 |     4 |       ||    65
       Ration            |       |       |     1 |     1 |    14 |     3 ||    19
Armor: Robe              |     6 |    15 |    20 |     9 |       |       ||    50
       Ring mail         |       |       |       |    89 |       |       ||    89
       Troll leather arm |       |       |       |    20 |   356 |    31 ||   407
       Skin              |       |       |       |       |    19 |       ||    19
Dodge: Dodged            |    18 |    42 |    75 |   168 |   673 |    92 ||  1068
Block: Buckler           |       |       |    10 |    42 |       |       ||    52
       Shield            |       |       |       |   124 |   632 |    91 ||   847
       Rpst.: Scimitar   |       |       |       |       |     2 |       ||     2
